 Dungeon Crawl Stone Soup version 0.27-a0-1101-ge311f74bc8 (webtiles) character file.

Game seed: 14609865883988128547

1610 karrick the Thaumaturge (level 8, -11/52 HPs)
             Began as a Djinni Fire Elementalist on Apr 29, 2021.
             Mangled by a wight
             ... wielding a +0 halberd
              (13 damage)
             ... on level 7 of the Dungeon.
             The game lasted 00:09:06 (7739 turns).

karrick the Thaumaturge (Djinni Fire Elementalist)  Turns: 7739, Time: 00:09:09

Health: -11/52     AC:  4    Str:  9    XL:     8   Next: 95%
Gold:   269        EV: 13    Int: 17    God:
                   SH:  0    Dex: 14

rFire    + + .     SeeInvis .   e - +0 dagger
rCold    x . .     Faith    .   (no shield)
rNeg     . . .     Spirit   .   a - +0 robe
rPois    ∞         Reflect  .   t - +0 helmet
rElec    .         Harm     .   n - +0 cloak
rCorr    .         Rampage  .   (no gloves)
Will     .....                  (boots unavailable)
Stlth    +++.......             (no amulet)
HPRegen  0.17/turn              (no ring)
MPRegen  0.00/turn              (no ring)

@: flying
A: fire resistance 2, cold vulnerability 1, float, innate caster, hp casting,
extra vitality 1
a: no special abilities


You were on level 7 of the Dungeon.
You visited 1 branch of the dungeon, and saw 7 of its levels.

You collected 269 gold pieces.

Inventory:

Hand Weapons
 e - a +0 dagger (weapon)
 m - a +2 quarterstaff of chaos
Missiles
 s - 7 silver javelins
Armour
 a - a +0 robe (worn)
 g - a +3 scale mail of positive energy
 n - a +0 cloak (worn)
 t - a +0 helmet (worn)
Jewellery
 b - a ring of ice
Wands
 p - a wand of digging (5)
 q - a wand of mindburst (12)
Scrolls
 c - 5 scrolls of identify {unknown}
 d - 2 scrolls of fear {unknown}
 f - a scroll of teleportation {unknown}
 i - 2 scrolls of amnesia {unknown}
 j - a scroll of vulnerability {unknown}
 o - 2 scrolls of blinking {unknown}
 r - a scroll of torment {unknown}
 u - 2 scrolls of magic mapping {unknown}
Potions
 h - 4 potions of curing {unknown}
 k - a potion of degeneration {unknown}
 l - a potion of mutation {unknown}
 v - a potion of invisibility {unknown}
 w - a potion of might {unknown}


   Skills:
 + Level 1.4 Fighting
 + Level 0.5 Short Blades
 + Level 3.6 Dodging
 + Level 4.0 Stealth
 + Level 1.0 Unarmed Combat
 + Level 8.4 Spellcasting


You had one spell level left.
You knew the following spells:

 Your Spells              Type           Power      Damage    Failure   Level
a - Foxfire               Conj/Fire      100%       2x1d9     1%          1
b - Conjure Flame         Conj/Fire      35%        6-21      1%          3
c - Inner Flame           Hex/Fire       35%        N/A       1%          3
d - Sticky Flame          Conj/Fire      35%        2d5       3%          4
e - Fireball              Conj/Fire      17%        3d9       9%          5
f - Summon Small Mammal   Summ           100%       N/A       1%          1
g - Static Discharge      Conj/Air       35%        N/A       1%          2
h - Spider Form           Tmut/Pois      17%        N/A       1%          3
Your spell library was empty.

Dungeon Overview and Level Annotations

Branches:
Dungeon (7/15)
 Temple: D:4-7

Altars:
Gozag
Kikubaaqudgha

Annotations:
D:5 Pikel


Innate Abilities, Weirdness & Mutations

You are immune to poison.
Your flesh is very heat resistant. (rF++)
You are vulnerable to cold. (rC-)
You float through the air rather than walking.
You learn spells naturally, not from books.
Your magical power is your life essence.
You have superior vitality. (+4 HP)


Message History

You conjure some foxfire!
The foxfire hits the wight but does no damage. x2
The wight is heavily damaged.
The wight barely misses you.
Unknown command.
Casting: Foxfire (safe; 1% risk of failure)
Confirm with . or Enter, or press ? or * to list all spells.
You conjure some foxfire!
The foxfire hits the wight but does no damage.
The wight is heavily damaged.
The wight hits you from afar with a +0 halberd!
The wight completely misses you.
Casting: Foxfire (safe; 1% risk of failure)
Confirm with . or Enter, or press ? or * to list all spells.
You conjure some foxfire!
The foxfire hits the wight.
The wight is almost destroyed.
The foxfire hits the wight but does no damage.
The foxfire hits the wight.
The wight is lightly damaged.
The wight hits you from afar with a +0 halberd.
The wight hits you with a +0 dagger!
Casting: Foxfire (safe; 1% risk of failure)
Confirm with . or Enter, or press ? or * to list all spells.
You conjure some foxfire!
The foxfire hits the wight but does no damage.
The wight is lightly damaged.
The foxfire hits the wight.
The wight is lightly damaged.
The wight hits you from afar with a +0 halberd!
* * * LOW HITPOINT WARNING * * *
The wight hits you with a +0 dagger.
* * * LOW HITPOINT WARNING * * *
Casting: Foxfire (safe; 1% risk of failure)
Confirm with . or Enter, or press ? or * to list all spells.
You conjure some foxfire!
* * * LOW HITPOINT WARNING * * *
The foxfire hits the wight but does no damage.
The wight is almost destroyed.
The wight hits you from afar with a +0 halberd!
You die...

.# #..##...###.##...##.##.###.#
.# #....#.#.........##.....#...
.# #.........#......##.........
.# #.#.#.....##..##.......##.##
.# #.####........##........#.#.
.# #..##...##.##..#............
.# #...(#.###z##..............#
.## #....##.##.v.........##...##
..# ##........v@z.<.............
..# ##........v..........#.....
.## ####....................##..
## #.#(.###....................
##..###......#..............
###.#....#..............[...#
##..##.....#................##
####..###....................#..#
#....## ##.#...............).....


You could see 2 wights.

Vanquished Creatures
  Menkaure (D:7)
  2 water moccasins
  Purgy (D:3)
  3 centaurs
  A kobold brigand (D:7)
  2 scorpions (D:4)
  A water moccasin skeleton (D:4)
  A wight (D:7)
  A bullfrog zombie (D:6)
  A centaur zombie (D:7)
  Crazy Yiuf (D:4)
  4 hounds
  2 jellies (D:7)
  3 orc priests
  Terence (D:2)
  An iguana (D:4)
  2 orc wizards
  4 gnolls
  2 howler monkey skeletons
  6 adders
  A white imp (D:7)
  An ufetubus (D:5)
  An adder skeleton (D:4)
  4 worms
  13 orcs
  6 ball pythons
  A bat zombie (D:6)
  4 endoplasms
  A giant cockroach (D:4)
  3 goblins
  6 hobgoblins
  3 quokkas
  5 bats
  4 frilled lizards
  4 kobolds
  3 rats
  A rat zombie (D:6)
101 creatures vanquished.

Vanquished Creatures (others)
  530 foxfires
530 creatures vanquished.

Grand Total: 631 creatures vanquished

Notes
Turn   | Place    | Note
-------+----------+-------------------------------------------
     0 | D:1      | karrick the Djinni Fire Elementalist began the quest for
                  | the Orb.
     0 | D:1      | Reached XP level 1. HP: 15/15 MP: 0/0
   418 | D:1      | Reached skill level 3 in Spellcasting
   418 | D:1      | Reached XP level 2. HP: 15/21 MP: 0/0
  1135 | D:2      | Reached XP level 3. HP: 15/25 MP: 0/0
  1135 | D:2      | Learned a level 1 spell: Summon Small Mammal
  1380 | D:2      | Reached XP level 4. HP: 19/31 MP: 0/0
  1616 | D:2      | Reached skill level 4 in Spellcasting
  1650 | D:2      | Noticed Terence
  1656 | D:2      | Killed Terence
  1890 | D:2      | Found a faded altar of an unknown god.
  1928 | D:2      | Reached XP level 5. HP: 31/35 MP: 0/0
  1928 | D:2      | Learned a level 2 spell: Static Discharge
  2406 | D:3      | Found an opulent altar of Gozag.
  2406 | D:3      | Noticed a centaur
  2436 | D:3      | Killed a centaur
  3080 | D:3      | Reached XP level 6. HP: 35/41 MP: 0/0
  3254 | D:3      | Noticed Purgy
  3262 | D:3      | Killed Purgy
  3263 | D:3      | Reached skill level 5 in Spellcasting
  3676 | D:4      | Reached skill level 1 in Fighting
  3738 | D:4      | Reached XP level 7. HP: 33/47 MP: 0/0
  3738 | D:4      | Learned a level 3 spell: Spider Form
  3852 | D:4      | Reached skill level 6 in Spellcasting
  4635 | D:4      | Found a runed translucent door.
  4636 | D:4      | Noticed Crazy Yiuf
  4862 | D:5      | Entered Level 5 of the Dungeon
  5029 | D:5      | Noticed Pikel
  5078 | D:4      | Killed Crazy Yiuf
  5542 | D:6      | Reached XP level 8. HP: 47/52 MP: 0/0
  5597 | D:6      | Reached skill level 7 in Spellcasting
  6840 | D:7      | Reached skill level 8 in Spellcasting
  7263 | D:7      | Noticed Menkaure
  7267 | D:7      | Killed Menkaure
  7268 | D:7      | Reached skill level 1 in Unarmed Combat
  7739 | D:7      | Mangled by a wight

Illustrated notes

Levels and vault maps discovered:
D:1:      psy_arrival_whirlpool, layout_basic
D:2:      layout_basic, hellmonk_ecumenical_altar_run_dry, uniq_terence
D:3:      layout_basic, old_standard_altar, eino_tiny_chamber,
          grunt_ministairs_8, uniq_purgy
D:4:      layout_basic, wad_floor_pattern_untrapped,
          minmay_misc_feat_four_crosses, uniq_crazy_yiuf_cottage
D:5:      minmay_chambers_of_fours, layout_rooms,
          minmay_temple_entry_antechambers, uniq_pikel
D:6:      layout_loops_cross, lemuel_zombie_altar_kikubaaqudgha
D:7:      layout_layer_cave, uniq_menkaure

Skill      XL: |  1  2  3  4  5  6  7  8 |
---------------+-------------------------+-----
Spellcasting   | 3 4 5 6 8 |  8.4
Stealth        | 2 3 4 |  4.0
Dodging        | 3 |  3.6
Fighting       | 1 |  1.4
Unarmed Combat | 1 |  1.0
Short Blades   | |  0.5

Action                   |  1- 3 |  4- 6 |  7- 9 || total
-------------------------+-------+-------+-------++-------
Melee: Unarmed           |     1 |       |    11 ||    12
       Dagger            |       |     1 |     1 ||     2
 Cast: Foxfire           |    46 |   104 |   170 ||   320
       Spider Form       |       |       |     3 ||     3
 Stab: Sleeping          |       |       |     1 ||     1
Armor: Robe              |       |     3 |       ||     3
Dodge: Dodged            |     4 |    10 |    34 ||    48

Table legend: (Time is in decaauts)
 A = Elapsed time spent in this place.
 B = Non-inter-level travel time spent in this place.
 C = Inter-level travel time spent in this place.
 D = Time resting spent in this place.
 E = Time spent auto-exploring this place.
 F = Levels seen in this place.
 G = Mean time per level.
                   A        B        C        D        E       F      G
               +--------+--------+--------+--------+--------+-----+--------+
         Total |   7740 |   7444 |    296 |    195 |   6499 |   7 | 1105.7 |
       Dungeon |   7740 |   7444 |    296 |    195 |   6499 |   7 | 1105.7 |
               +--------+--------+--------+--------+--------+-----+--------+

Top non-repeatable levels by time:
     D:2: 1480 daAuts
     D:3: 1402 daAuts
     D:4: 1379 daAuts
     D:6: 1311 daAuts
     D:7: 1151 daAuts
     D:1: 717 daAuts
     D:5: 297 daAuts
